 Dungeon Crawl Stone Soup version 0.21.1-1-g345015f (webtiles) character file.

211 letownia2 the Chiller (level 5, 0/24 HPs)
             Began as a Vine Stalker Ice Elementalist on Feb 24, 2018.
             Slain by an iguana (10 damage)
             ... on level 5 of the Dungeon.
             The game lasted 00:05:44 (914 turns).

letownia2 the Chiller (VSIE)                         Turns: 914, Time: 00:05:44

Health: 0/24       AC: 11    Str: 11    XL:     5   Next: 88%
Magic:  0/9        EV: 11    Int: 16    God:
Gold:   83         SH:  0    Dex: 14    Spells: 1/8 levels left

rFire    . . .     SeeInvis .   l - +0 quarterstaff
rCold    . . .     Gourm    .   (shield currently unavailable)
rNeg     . . .     Faith    .   f - +0 leather armour
rPois    .         Spirit   +   (no helmet)
rElec    .         Reflect  .   (no cloak)
rCorr    .         Harm     .   s - +0 pair of gloves
MR       .....                  q - +0 pair of boots
Stlth    ++........             (no amulet)
HPRegen  0.48/turn              (no ring)
MPRegen  0.11/turn              (no ring)

@: icy armour, very slightly contaminated, slow
A: fangs 2, regeneration 1, magic shield, antimagic bite, no potion heal 3, rot
immunity
a: no special abilities


You were on level 5 of the Dungeon.
You were hungry.

You visited 1 branch of the dungeon, and saw 5 of its levels.

You collected 83 gold pieces.

Inventory:

Hand Weapons
 j - a +0 dagger
 l - a +0 quarterstaff (weapon)
Missiles
 d - a javelin (quivered)
Armour
 a - a +0 robe
 f - a +0 leather armour (worn)
 q - a +0 pair of boots (worn)
 s - a +0 pair of gloves (worn)
Scrolls
 g - a scroll of immolation {unknown}
 h - 3 scrolls of teleportation {unknown}
 i - 3 scrolls of remove curse {unknown}
 n - a scroll of fog {unknown}
 o - 2 scrolls of fear {unknown}
 t - 3 scrolls of identify {unknown}
 u - a scroll of random uselessness {unknown}
 v - a scroll of enchant weapon {unknown}
Potions
 e - a potion of flight {unknown}
 m - a potion of mutation {unknown}
 p - 2 potions of curing {unknown}
 r - a potion of resistance {unknown}
Books
 b - a book of Frost

   Spells                             Type                      Level
   a - Freeze                         Ice                          1
   b - Throw Frost                    Conjuration/Ice              2
   c - Ozocubu's Armour               Charms/Ice                   3
   d - Throw Icicle                   Conjuration/Ice              4
   e - Summon Ice Beast               Ice/Summoning                4
 k - a book of Cantrips

   Spells                             Type                      Level
   a - Confusing Touch                Hexes                        1
   b - Animate Skeleton               Necromancy                   1
   c - Summon Small Mammal            Summoning                    1
   d - Apportation                    Translocation                1
Comestibles
 c - 3 rations


   Skills:
 - Level 1.5 Dodging
 - Level 2.4 Stealth
 - Level 2.1 Spellcasting
 - Level 1.0 Conjurations
 - Level 2.1 Charms
 - Level 2.1 Necromancy
 + Level 5.3 Ice Magic


You had one spell level left.
You knew the following spells:

 Your Spells              Type           Power        Failure   Level  Hunger
a - Freeze                Ice            ###.         3%          1    #......
f - Throw Frost           Conj/Ice       ##....       11%         2    ###....
k - Animate Skeleton      Necr           N/A          11%         1    #......
o - Ozocubu's Armour      Chrm/Ice       ##......     17%         3    ###....


Dungeon Overview and Level Annotations

Branches:
Dungeon (5/15)
 Temple: D:4-7

Altars:

Annotations:
D:4 JeronimusCornelisz's ghost, amateur MiBe


Innate Abilities, Weirdness & Mutations

You have extremely sharp teeth.
Your natural rate of healing is unusually fast.
When hurt, damage is shared between your health and your magic reserves.
Your bite disrupts and absorbs the magic of your enemies.
Potions cannot restore your health.
You are immune to rotting.


Message History

Aim: an iguana You freeze the iguana.
The iguana seems to slow down.
The iguana is heavily wounded.
The frilled lizard closely misses you.
You hit the iguana but do no damage.
The iguana is heavily wounded.
The iguana closely misses you. The frilled lizard closely misses you.
Casting: Freeze
Confirm with . or Enter, or press ? or * to list all spells.
Aiming: Freeze
Press: ? - help, Shift-Dir - straight line, f/p - iguana
Aim: an iguana (heavily wounded, slow)
You freeze the iguana.
The iguana seems to slow down.
The iguana is almost dead.
The frilled lizard barely misses you. The iguana barely misses you.
Unknown command.
You barely miss the iguana. You bite the iguana, but do no damage.
The iguana is almost dead.
The frilled lizard closely misses you. The iguana bites you!
You die...

..h. #.#### .....
##..#... .....
#....... # .....#
#...... ..
......#####.%.# ..#
..........l...# ...#
.[..........### ....#
.........##.###.....#
.!.............l@l.#
.............#######
.............#####..
.............#.....#
.. ............######
...#...#####........#
.#.#.#######.######.#
......<......#
.#...#####..##


You could see an iguana and a frilled lizard.

Vanquished Creatures
  A scorpion (D:4)
  A hound (D:5)
  An orc wizard (D:4)
  A bullfrog skeleton (D:4)
  2 hound skeletons (D:4)
  A worker ant zombie (D:5)
  A dart slug (D:1)
  A leopard gecko (D:2)
  4 orcs
  3 bats (D:2)
  A giant cockroach (D:1)
  3 hobgoblins
  3 kobolds (D:2)
  A quokka (D:2)
  3 ball pythons
  3 frilled lizards
  5 goblins
  6 rats
41 creatures vanquished.

Notes
Turn   | Place    | Note
-------+----------+-------------------------------------------
     0 | D:1      | letownia2 the Vine Stalker Ice Elementalist began the quest for the Orb.
     0 | D:1      | Reached XP level 1. HP: 9/9 MP: 4/4
    79 | D:1      | Reached XP level 2. HP: 12/13 MP: 1/6
   237 | D:2      | Reached skill level 4 in Ice Magic
   242 | D:2      | Learned a level 1 spell: Animate Skeleton
   299 | D:2      | Reached XP level 3. HP: 16/16 MP: 3/7
   304 | D:2      | Learned a level 3 spell: Ozocubu's Armour
   638 | D:4      | Reached skill level 1 in Charms
   638 | D:4      | Reached skill level 1 in Necromancy
   638 | D:4      | Gained mutation: Your natural rate of healing is unusually fast. [Vine Stalker growth]
   638 | D:4      | Reached XP level 4. HP: 13/21 MP: 5/8
   643 | D:4      | Learned a level 2 spell: Throw Frost
   712 | D:4      | Reached XP level 5. HP: 24/24 MP: 5/9
   832 | D:4      | Noticed JeronimusCornelisz's ghost (amateur MiBe)
   862 | D:5      | Entered Level 5 of the Dungeon
   902 | D:5      | Reached skill level 5 in Ice Magic
   914 | D:5      | Slain by an iguana

Skill      XL: |  1  2  3  4  5 |
---------------+----------------+-----
Ice Magic      | 4 5 |  5.3
Charms         | 1 2 |  2.1
Necromancy     | 1 2 |  2.1
Dodging        | |  1.5
Stealth        | |  2.4
Spellcasting   | |  2.1
Conjurations   | |  1.0

Action                   |  1- 3 |  4- 6 || total
-------------------------+-------+-------++-------
Melee: Unarmed           |    15 |       ||    15
       Bite              |    10 |     9 ||    19
       Quarterstaff      |    15 |    24 ||    39
Throw: Javelin           |       |     2 ||     2
 Cast: Freeze            |    37 |    14 ||    51
       Ozocubu's Armour  |     1 |     3 ||     4
  Eat: Chunk             |       |     1 ||     1
Armor: Robe              |     4 |       ||     4
       Leather armour    |    13 |    16 ||    29
Dodge: Dodged            |    39 |    25 ||    64
